 Dungeon Crawl Stone Soup version 0.28-b1-1-g3c77fb2ed1 (webtiles) character file.

Game seed: 12969020841558740264

17 pkoi the Slasher (level 2, -1/25 HPs)
             Began as a Minotaur Gladiator on Jan 28, 2022.
             Slain by a hound (3 damage)
             ... on level 2 of the Dungeon.
             The game lasted 00:00:54 (1056 turns).

pkoi the Slasher (Minotaur Gladiator)               Turns: 1056, Time: 00:00:54

Health: -1/25      AC: 10    Str: 18    XL:     2   Next: 44%
Magic:  1/1        EV:  6    Int:  5    God:
Gold:   93         SH:  0    Dex: 11    Spells: 1/1 levels left

rFire   . . .      SeeInvis .   a - +0 long sword
rCold   . . .      Faith    .   (no shield)
rNeg    . . .      Spirit   .   h - +0 plate armour
rPois   .          Reflect  .   c - +0 hat
rElec   .          Harm     .   (no cloak)
rCorr   .          Rampage  .   (no gloves)
Will    .....                   (no boots)
Stlth   ..........              (no amulet)
HPRegen 0.08/turn               (no ring)
MPRegen 0.07/turn               (no ring)

@: no status effects
A: horns 2, retaliatory headbutt
a: no special abilities


You were on level 2 of the Dungeon.
You visited 1 branch of the dungeon, and saw 2 of its levels.

You collected 93 gold pieces.

Inventory:

Hand Weapons
 a - a +0 long sword (weapon)
Missiles
 d - 3 throwing nets (quivered)
Armour
 b - a +0 leather armour
 c - a +0 hat (worn)
 h - a +0 plate armour (worn)
Scrolls
 f - a scroll of fear
Potions
 e - a potion of lignification {unknown}
 g - a potion of haste


   Skills:
 + Level 2.8 Fighting
 * Level 4.2 Long Blades
 - Level 2.0 Throwing
 + Level 1.1 Armour
 - Level 3.2 Dodging


You had one spell level left.
You didn't know any spells.
Your spell library was empty.

Dungeon Overview and Level Annotations

Branches:
Dungeon (2/15)

Altars:

Shops:
D:1 [


Innate Abilities, Weirdness & Mutations

You have a pair of horns on your head.
You reflexively headbutt those who attack you in melee.


Message History

Found a potion of haste.
You hit the hound but do no damage. Your headbutt misses the hound.
The hound bites you but does no damage.
You barely miss the hound. Your headbutt misses the hound.
The hound barely misses you. The hound bites you but does no damage.
You hit the hound but do no damage. The hound bites you. x2
The goblin hits you with a +0 dagger.
You hit the hound.
The hound is lightly wounded.
The hound closely misses you. The goblin hits you but does no damage.
The hound barely misses you.
You slash the hound! Your headbutt misses the hound.
The hound is heavily wounded.
The hound bites you but does no damage. The goblin hits you with a +0 dagger.
You hit the hound.
The hound is severely wounded.
The hound bites you. The goblin hits you with a +0 dagger. The hound bites you.
You are too injured to fight recklessly!
You are too injured to fight recklessly!
You are too injured to fight recklessly!
You are too injured to fight recklessly!
You are too injured to fight recklessly!
You are too injured to fight recklessly!
You are too injured to fight recklessly!
You are too injured to fight recklessly!
You are too injured to fight recklessly!
You are too injured to fight recklessly!
You are too injured to fight recklessly!
You are too injured to fight recklessly!
You barely miss the hound.
The hound is severely wounded.
The hound bites you.
* * * LOW HITPOINT WARNING * * *
The goblin hits you but does no damage. The hound bites you.
* * * LOW HITPOINT WARNING * * *
Unknown command.
You hit the hound but do no damage.
The hound is severely wounded.
The hound bites you.
You die...

...#......##.###,,,,****,*....,,,
..###†..####.# *,,,,,,,,,##..##**
..# #...#* #.# *,****,,,,#....###
..#*#....###.##*,,,,*****#.......
...*#..#.#....#*,,,,,,,,,##.<...#
##.##..#......#***###,,,,#.......
,,............####..##**,##......
,,...................###,*##?....
,,,,,...........@h......,,*#....#
,,,,,.....####...g....##*,,..####
,,,,,.....,............#**#.?.,,,
,,,,,.....#####......#.!**###.***
,,,,,,.>,,* #......#*.,<,,,,* *
,,,,,,,,,,* #......#******,,***
,,,,,,,,,,* #......# *,,,,*
,,,,,,,,,,* #......# *,,,,,
******,*************** **,,,,


You could see a hound and a goblin.

Vanquished Creatures
  2 endoplasms (D:2)
  A giant cockroach (D:1)
  2 goblins
  A hobgoblin (D:1)
  A jackal (D:1)
  A quokka (D:2)
  A bat (D:1)
  4 frilled lizards
  4 rats
17 creatures vanquished.

Notes
Turn   | Place    | Note
-------+----------+-------------------------------------------
     0 | D:1      | pkoi the Minotaur Gladiator began the quest for the Orb.
     0 | D:1      | Reached XP level 1. HP: 18/18 MP: 0/0
   469 | D:1      | Reached skill level 4 in Long Blades
   529 | D:1      | Found a faded altar of an unknown god.
   535 | D:1      | Reached XP level 2. HP: 25/25 MP: 1/1
   594 | D:1      | Found Kiwiluz's Armour Shoppe.
   959 | D:2      | Reached skill level 1 in Armour
  1056 | D:2      | Slain by a hound

Illustrated notes

Levels and vault maps discovered:
D:1:      dpeg_arrival_three_same_balls, layout_loops_ring,
          hellmonk_ecumenical_altar_zigzags, serial_shops, nicolae_square_shop,
          minmay_tetromino_l2
D:2:      minmay_angry_zag, layout_rooms, uniq_robin

Skill      XL: |  1  2 |
---------------+-------+-----
Long Blades    | 4 |  4.2
Armour         | 1 |  1.1
Fighting       | |  2.8
Throwing       | |  2.0
Dodging        | |  3.2

Action                   || total
-------------------------++-------
Melee: Long sword        ||    45
       Headbutt          ||     2
  Use: Scroll            ||     5
Armor: Plate armour      ||    29
       Leather armour    ||     2
Dodge: Dodged            ||    15
